 Dungeon Crawl Stone Soup version 0.29-a0-25-g7f48f510a0 (webtiles) character file.

Game seed: 2889813333202678908

10 Hubjo the Grasshopper (level 2, 0/22 HPs)
             Began as a Vampire Warper on Jan 31, 2022.
             Slain by a jackal (1 damage)
             ... on level 1 of the Dungeon.
             The game lasted 00:01:36 (233 turns).

Hubjo the Grasshopper (Vampire Warper)               Turns: 233, Time: 00:01:37

Health: 0/22       AC:  6    Str: 10    XL:     2   Next: 10%
Magic:  3/5        EV:  9    Int: 15    God:
Gold:   0          SH:  0    Dex: 13    Spells: 3/5 levels left

rFire   . . .      SeeInvis +   a - +0 short sword
rCold   . . .      Faith    .   (no shield)
rNeg    . . .      Spirit   .   f - +0 scale mail
rPois   .          Reflect  .   (no helmet)
rElec   .          Harm     .   (no cloak)
rCorr   .          Rampage  .   (no gloves)
Will    .....                   (no boots)
Stlth   ..........              (no amulet)
HPRegen 0.27/turn               (no ring)
MPRegen 0.09/turn               (no ring)

@: very slightly contaminated, healing quickly
A: alive, fangs 3, see invisible, vampiric 1
a: Exsanguinate


You were on level 1 of the Dungeon.
You visited 1 branch of the dungeon, and saw 1 of its levels.

Inventory:

Hand Weapons
 a - a +0 short sword (weapon)
Missiles
 d - 4 boomerangs of dispersal (quivered)
Armour
 b - a +0 leather armour
 f - a +0 scale mail (worn)
Scrolls
 c - a scroll of blinking
 e - a scroll of immolation {unknown}


   Skills:
 + Level 1.7 Fighting
 + Level 2.2 Short Blades
 + Level 0.7 Throwing
 + Level 0.8 Armour
 + Level 2.3 Dodging
 + Level 2.2 Spellcasting
 + Level 2.6 Translocations


You had 3 spell levels left.
You knew the following spells:

 Your Spells              Type           Power      Damage    Failure   Level
a - Blink                 Tloc           18%        N/A       61%         2

Your spell library contained the following spells:

 Spells                   Type           Power      Damage    Failure   Level
 Gell's Gravitas          Tloc           9%         N/A       83%         3
 Lesser Beckoning         Tloc           9%         N/A       83%         3
 Teleport Other           Tloc           9%         N/A       83%         3
 Manifold Assault         Tloc           9%         N/A       100%        5


Dungeon Overview and Level Annotations

Branches:
Dungeon (1/15)

Altars:


Innate Abilities, Weirdness & Mutations

Your natural rate of healing is accelerated.
You have razor-sharp teeth.
You have supernaturally acute eyesight. (SInv)
You are afflicted with vampirism.


Message History

The jackal bites you but does no damage. x3
The jackal bites you.
* * * LOW HITPOINT WARNING * * *
Casting: Blink (extremely dangerous; 61% risk of failure)
Confirm with . or Enter, or press ? or * to list all spells.
The spell is extremely dangerous to miscast (61% risk of failure)!
Continue anyway?
You miscast Blink.
You are very lightly contaminated with residual magic.
Nothing appears to happen.
The jackal bites you but does no damage. x3
As you read the scroll labelled CUTADI RAED, it crumbles to dust.
The scroll dissolves into smoke.
It was a scroll of fog.
The jackal bites you but does no damage.
The jackal bites you.
* * * LOW HITPOINT WARNING * * *
The jackal barely misses you.
The jackal bites you but does no damage. x2
As you read the scroll labelled DOICVI ZOFUAS, it crumbles to dust.
You feel aware of your surroundings.
You sensed 1 altar.
It was a scroll of magic mapping.
The jackal bites you but does no damage.
The jackal bites you.
* * * LOW HITPOINT WARNING * * *
The jackal bites you but does no damage.
The jackal closely misses you.
The jackal bites you but does no damage. x2
Found a rapier.
The jackal bites you but does no damage.
The jackal barely misses you. The jackal closely misses you.
The jackal bites you but does no damage. x2
The jackal barely misses you. The jackal bites you.
* * * LOW HITPOINT WARNING * * *
The jackal bites you but does no damage.
You see here a scroll labelled HUAHEUL IWEOSUUME.
e - a scroll labelled HUAHEUL IWEOSUUME The jackal closely misses you.
The jackal bites you.
* * * LOW HITPOINT WARNING * * *
The jackal bites you but does no damage.
The jackal bites you.
You die...

,,,,****,..####..##****
,,,,***,,,........##
,,,,*,,,,**#.......#
,,,,,,**,* #§§.§...#
,,,,,,...###§§§§...#
,,,,,*#....§§§§§..##
,,,,,###.###§§§§...#
,,,,*#.....§§§§hh..#
.,,,*#....>§§§§h@..#
,,,,*#.....§§§§§§.##
,,,**#........§§§##
,,####........####
###...).......#
#...##........#
..####......### ###
#.....##***** ##
#.....#**_8,*


You could see 3 jackals.

Vanquished Creatures
  An endoplasm (D:1)
  4 jackals (D:1)
  A kobold (D:1)
  A frilled lizard (D:1)
  2 rats (D:1)
9 creatures vanquished.

Notes
Turn   | Place    | Note
-------+----------+-------------------------------------------
     0 | D:1      | Hubjo the Vampire Warper began the quest for the Orb.
     0 | D:1      | Reached XP level 1. HP: 16/16 MP: 3/3
   183 | D:1      | Reached XP level 2. HP: 21/22 MP: 5/5
   186 | D:1      | Learned a level 2 spell: Blink
   233 | D:1      | HP: 1/22 [jackal (2)]
   233 | D:1      | Slain by a jackal

Illustrated notes

Levels and vault maps discovered:
D:1:      evilmike_arrival_fibonacci_small, layout_rooms,
          shapermc_ecumenical_altar_petra, minmay_misc_feat_tiny

Action                   || total
-------------------------++-------
Melee: Short sword       ||    39
       Bite              ||     3
Throw: Boomerang         ||     1
  Use: Scroll            ||     2
 Stab: Sleeping          ||     1
Armor: Leather armour    ||    10
       Scale mail        ||    45
Dodge: Dodged            ||    49

Table legend: (Time is in decaauts)
 A = Elapsed time spent in this place.
 B = Non-inter-level travel time spent in this place.
 C = Inter-level travel time spent in this place.
 D = Time resting spent in this place.
 E = Time spent auto-exploring this place.
 F = Levels seen in this place.
 G = Mean time per level.
                   A        B        C        D        E       F      G
               +--------+--------+--------+--------+--------+-----+--------+
         Total |    232 |    220 |     12 |      0 |    119 |   1 |  232.0 |
       Dungeon |    232 |    220 |     12 |      0 |    119 |   1 |  232.0 |
               +--------+--------+--------+--------+--------+-----+--------+

Top non-repeatable levels by time:
     D:1: 232 daAuts
